Unix NetHack Version 3.7.0-102 Work-in-progress - last build Apr 6 2024 13:22:21 (d302a6a9ff6341f1a922d8f5af178406b35fdf99,branch:master). Game began 2024-04-26 19:10:45, ended 2024-04-26 19:23:02. Gilette, neutral male gnomish Wizard --- -..| -- -- ...---.- .- -..G..... ..--.......!- ...........-- ............| ............ .G........ ------ .....*... ---....--- ........-- --........| ........| -- -----...[.....| .......-- ... ---......[......| ..........- |....--......---------- -----%......... --..----..............-------....:....- ---- |<..---------.......%....Bi.----- --..| --....------....@.....- ---- |.....| --.|..`.-- |.`|.-- -----..| ------ --- Gilette the Conjurer St:11 Dx:11 Co:13 In:19 Wi:13 Ch:10 Neutral Dlvl:4 $:55 HP:0(27) Pw:2(26) AC:6 Xp:3/68 T:1322 Hungry Latest messages: You hear crashing rock. With great effort you move the boulder. You try to move the boulder, but in vain. You hear some noises in the distance. It misses Quitapesares' ghost. It misses Quitapesares' ghost. Loki misses Quitapesares' ghost. Loki misses Quitapesares' ghost. Loki misses Quitapesares' ghost. In what direction? 6 The spell hits the gnome zombie! You destroy the gnome zombie! Loki misses Quitapesares' ghost. You hear some noises in the distance. You see here a gnome corpse. With great effort you move the boulder. You don't have enough energy to cast that spell. You miss the cave spider. The hobbit hurls a brilliant blue potion! The brilliant blue potion misses the cave spider. The flask crashes on your head and breaks into shards. The brilliant blue potion evaporates. It suddenly gets dark. It bites! You can see again. In what direction? 8 The spell hits the cave spider! You kill the cave spider! The spell hits the hobbit! You kill the hobbit! You hear some noises in the distance. You see here a cave spider corpse. There is a cave spider corpse here; eat it? [ynq] (n) y This cave spider corpse is gamey. You finish eating the cave spider corpse. The homunculus bites! You hit the homunculus. The homunculus bites! You are put to sleep by the homunculus! The homunculus bites! The homunculus bites! The homunculus bites! You dream that you hear crashing rock. The homunculus bites! The homunculus bites! You dream that you hear some noises in the distance. The homunculus bites! The homunculus bites! The homunculus bites! You die... Inventory: Coins ('$') $ - 55 gold pieces Weapons (')') C - 10 uncursed +0 arrows F - a cursed +0 arrow P - 2 uncursed +4 crossbow bolts O - 35 cursed +0 ya U - 4 uncursed +0 darts w - 9 uncursed very corroded +0 darts B - 6 uncursed +0 daggers r - a cursed rusty +0 dagger (at the ready) t - an uncursed +2 orcish dagger (weapon in right hand) a - a blessed +1 quarterstaff Armor ('[') A - an uncursed +0 pair of gauntlets of dexterity (being worn) Q - a cursed +0 pair of high boots (being worn) b - an uncursed +0 cloak of magic resistance (being worn) Comestibles ('%') z - an uncursed food ration Scrolls ('?') J - a cursed scroll of blank paper M - a cursed scroll of confuse monster j - a blessed scroll of create monster k - an uncursed scroll of enchant armor o - an uncursed scroll of identify I - an uncursed scroll of remove curse Potions ('!') L - a cursed potion of booze h - an uncursed potion of confusion g - an uncursed potion of gain ability x - a cursed potion of healing X - an uncursed potion of levitation N - 2 cursed potions of paralysis f - 2 uncursed potions of restore ability Rings ('=') K - a cursed ring of aggravate monster e - an uncursed ring of stealth (on left hand) d - an uncursed ring of warning (on right hand) Wands ('/') c - an uncursed wand of fire (0:4) Tools ('(') W - an uncursed brass lantern n - an uncursed magic marker (0:19) V - an uncursed oil lamp (lit) E - a cursed skeleton key q - an uncursed tin whistle Gems/Stones ('*') D - an uncursed worthless piece of red glass y - an uncursed worthless piece of violet glass Gilette the Wizard's attributes: Background: You were a Conjurer, a level 3 male gnomish Wizard. You were neutral, nominally on a mission for Thoth who was opposed by Ptah (lawful) and Anhur (chaotic). You were right-handed. You were in the Gnomish Mines, on level 4. You entered the dungeon 1322 turns ago. You had 68 experience points, 12 more were needed to attain level 4. Basics: You had 0 out of 27 hit points. You had 2 out of 26 energy points (spell power). Your armor class was 6. Your wallet contained 55 zorkmids. Autopickup was on for '$?!"=/*' plus thrown, with exceptions. Final Characteristics: Your strength was 11 (limit:18/50). Your dexterity was 11 (limit:18). Your constitution was 13 (limit:18). Your intelligence was 19 (limit:19). Your wisdom was 13 (limit:18). Your charisma was 10 (limit:18). Final Status: You were hungry. You were unencumbered. You were wielding a dagger. You were unskilled in dagger. Final Attributes: You were devoutly aligned. You were magic-protected. You were warned. You had infravision. You were stealthy. You were warded. You are dead. Miscellaneous: You encountered 1 bones level. Total elapsed playing time was 12 minutes and 16 seconds. Major events: Turn 1: Gilette the neutral male gnomish Wizard entered the dungeon 714: entered the Gnomish Mines 855: attained the rank of Conjurer (level 3) 1322: killed by a homunculus, while sleeping Vanquished creatures: a gnome leader a little dog a dwarf a kobold leader 2 orc zombies 2 coyotes a hobbit a manes a giant rat a cave spider a yellow mold a gnome a gnome zombie 2 geckos a kobold 2 goblins 2 grid bugs 5 lichens 5 newts 32 creatures vanquished. No species were genocided or became extinct. Voluntary challenges: You were an atheist. You read items or engraved 5 times. You never engraved Elbereth. You never genocided any monsters. You never polymorphed an object. You never changed form. You used no wishes. Achievements: You entered the Gnomish Mines. You attained the rank of Conjurer. The Dungeons of Doom: levels 1 to 2 Level 1: Level 2: A fountain, a grave. Stairs down to The Gnomish Mines. The Gnomish Mines: levels 3 to 4 Level 3: A grave. Final resting place for Quitapesares-Sam-Hum-Mal-Law, killed by a crossbow bolt, while frozen by a potion. Level 4: <- You were here. Final resting place for you, killed by a homunculus, while sleeping. Game over: ---------- / \ / REST \ / IN \ / PEACE \ / \ | Gilette | | 55 Au | | killed by a | | homunculus | | | | | | 2024 | *| * * * | * _________)/\\_//(\/(/\)/\//\/|_)_______ Goodbye Gilette the Wizard... You died in The Gnomish Mines on dungeon level 4 with 472 points, and 55 pieces of gold, after 1322 moves. You were level 3 with a maximum of 27 hit points when you died.